 Dungeon Sprint DCSS version 0.14-a0-3338-g1078df6 (console) character file.

28834 rchandra the Aerator (level 13, -4/117 HPs)
             Began as a Naga Air Elementalist on Mar 17, 2014.
             Was an Elder of Okawaru.
             Slain by a trapdoor spider (7 damage)
             ... in the Dungeon (Sprint IX: "|||||||||||||||||||||||||||||").
             The game lasted 00:42:15 (5015 turns).

rchandra the Aerator (Naga Air Elementalist)        Turns: 5015, Time: 00:42:15

HP  -4/117       AC 12     Str 12      XL: 13   Next: 41%
MP   7/33        EV 11     Int 22      God: Okawaru [****..]
Gold 18          SH  0     Dex 12      Spells:  5 memorised, 24 levels left

rFire  . . .     SeeInvis +     a - +2,+10 longbow "Piercer" {penet, EV-2}
rCold  . . .     Clarity  .     l - +2 robe {MR+}
rNeg   . . .     Conserve .     (no shield)
rPois  +         rCorr    .     G - +0 helmet
rElec  .         rRot     .     v - +0 cloak
SustAb . .       Spirit   .     H - +0 pair of gloves
rMut   .         Warding  .     (no barding)
Saprov . . .     NoTele   +     (no amulet)
MR     ++...                    x - +3 ring of intelligence
                                w - +2 ring of protection

@: repel missiles, very slow, very resistant to hostile enchantments, stealthy
A: spit poison, constrict 1, see invisible, deformed body, poison resistance,
slowness 2, AC +4
a: Spit Poison, Heroism, Renounce Religion


You were in the Dungeon.
You worshipped Okawaru.
Okawaru was greatly pleased with you.
You were not hungry.

You visited 1 branch You collected 1935 gold pieces.
You spent 1917 gold pieces at shops.

Inventory:

Hand weapons
 a - the +2,+10 longbow "Piercer" (weapon) {penet, EV-2}
   (You bought it in a shop in the Dungeon)

   Ammo fired by it will pass through the targets it hits, potentially hitting
   all targets in its path until it reaches maximum range.
   It affects your evasion (-2).
 c - a +2,+2 scimitar of flaming
   (You found it in the Dungeon)
 h - a +3,+5 Blessed Blade (the Shining One gifted it to you in the Dungeon)
 k - the +2,+2 morningstar "Yrreg" {vamp, Dex+4 Int+3}
   (You found it in the Dungeon)

   It inflicts no extra harm, but heals its wielder somewhat when it strikes a
   living foe.
   It affects your intelligence (+3).
   It affects your dexterity (+4).
 t - the +2,+3 war axe of Wyrd {drain, rPois rF+ Int+2}
   (You found it in the Dungeon)

   A truly terrible weapon, it drains the life of those it strikes.
   It affects your intelligence (+2).
   It protects you from fire.
   It protects you from poison.
Missiles
 L - 18 arrows of flame (quivered)
 P - 28 arrows
Armour
 j - a +0 buckler
 l - a +2 robe of magic resistance (worn)
   (You took it off Boris in the Dungeon)
 v - a +0 cloak (worn)
 G - a +0 helmet (worn)
 H - a +0 pair of gloves (worn)
 N - a +2 robe of positive energy
   (You took it off Psyche in the Dungeon)
Magical devices
 m - a wand of frost (15)
 s - a wand of cold (6)
 O - a wand of slowing (5) {unknown}
Comestibles
 E - 21 strawberries
 F - 12 meat rations
 K - 13 bread rations
 Q - a chunk of demonic crawler flesh {@w1}
Scrolls
 i - 4 scrolls of blinking
 q - 5 scrolls of remove curse
 r - 2 scrolls of amnesia
 B - a scroll of identify
 C - 7 scrolls of enchant armour
 D - a scroll of fog
Jewellery
 u - an uncursed ring of ice
   (You found it in the Dungeon)
 w - a +2 ring of protection (left hand)
   (You found it in the Dungeon)
 x - a +3 ring of intelligence (right hand)
   (You found it in the Dungeon)
 y - an uncursed ring of protection from fire
   (You found it in the Dungeon)
 I - an uncursed ring of fire
   (You found it in the Dungeon)
 J - an uncursed ring of fire
   (You found it in the Dungeon)
Potions
 d - 7 potions of curing
 e - 3 potions of heal wounds
 f - 2 potions of haste
 g - 3 potions of magic
 n - a potion of cure mutation {!q}
 p - a potion of invisibility
 A - a potion of resistance
 M - 2 potions of restore abilities
Books
 o - a Necronomicon This book is beyond your current level of understanding.

   Spells                             Type                      Level
   Haunt                              Necromancy/Summoning         7
   Borgnjor's Revivification          Necromancy                   8
   Death's Door                       Charms/Necromancy            8
   Necromutation                      Transmutation/Necromancy     8
 z - a book of Air

   Spells                             Type                      Level
   *Shock                             Conjuration/Air              1
   *Swiftness                         Charms/Air                   2
   *Repel Missiles                    Charms/Air                   2
   Flight                             Charms/Air                   3
   *Static Discharge                  Conjuration/Air              3
   *Lightning Bolt                    Conjuration/Air              5
Magical staves
 b - an uncursed staff of energy {!a}


   Skills:
 - Level 7.8 Fighting
 * Level 13.1 Bows
 + Level 7.5 Dodging
 - Level 3.0 Stealth
   Level 6.0 Shields
 + Level 12.8 Spellcasting
 + Level 15.4 Conjurations
 + Level 15.6 Air Magic
 - Level 13.1 Invocations
 - Level 6.0 Evocations


You had 24 spell levels left.
You knew the following spells:

 Your Spells              Type           Power        Failure   Level  Hunger
c - Static Discharge      Conj/Air       ######..     1%          3    None
k - Lightning Bolt        Conj/Air       ######....   1%          5    ###....
m - Repel Missiles        Chrm/Air       #####.       1%          2    None
s - Swiftness             Chrm/Air       #####...     1%          2    None
y - Shock                 Conj/Air       ####         0%          1    None


Dungeon Overview and Level Annotations

Branches:
Dungeon (1/1)

Altars:
Ashenzari
Cheibriados
Dithmenos
Elyvilon
Fedhas
Kikubaaqudgha
Makhleb
Nemelex Xobeh
Okawaru
Sif Muna
Trog
Vehumet
Xom
Yredelemnul
Zin
The Shining One

Shops:
D =?:(


Innate Abilities, Weirdness & Mutations

You cannot wear boots.
You can spit poison.
You can use your snake-like lower body to constrict enemies.
Your serpentine skin is tough (AC +4).
You have supernaturally acute eyesight.
Armour fits poorly on your strangely shaped body.
Your system is resistant to poisons.
You cover ground very slowly.


Message History

Okawaru is greatly pleased with you.
You see here a wolf spider corpse.
You offer a prayer to Okawaru.
The wolf spider corpse is consumed by flame.
Okawaru is greatly pleased with you.
A trapdoor spider leaps out from its hiding place under the floor!
The trapdoor spider bites you but does no damage.
The trapdoor spider bites you!
* * * LOW HITPOINT WARNING * * *
You see here a giant mite corpse.
Huge Dmg: -10%(-12hp) hp: 3%(3hp) Firing (i - inventory. (,) - cycle):
L - 19 arrows of flame (quivered)
Press: ? - help, Shift-Dir - straight line, f - trapdoor spider
Aim: a trapdoor spider (clinging)
You shoot an arrow of flame.
The arrow of flame hits the trapdoor spider.
The trapdoor spider is heavily wounded.
The trapdoor spider bites you but does no damage.
The trapdoor spider bites you!
You die...

...∩.∩.∩.∩))))))...)..))))))'....
▓▓▓▓▓▓▓▓▓▓▓▓▓▓▓▓▓▓▓▓▓▓▓▓▓▓▓▓▓▓▓▓▓
(......).........................
▓▓▓▓▓▓▓▓▓▓▓▓▓▓▓▓▓▓▓▓▓▓▓▓▓▓▓▓▓▓▓▓▓
.......([).).%..........[[[[)[[[.
▓▓▓▓▓▓▓▓▓▓▓▓▓▓▓▓▓▓▓▓▓▓▓▓▓▓▓▓▓▓▓▓▓
.................................
▓▓▓▓▓▓▓▓▓▓▓▓▓▓▓▓▓▓▓▓▓7777777777▓▓
+..(.sN...%.........'..
▓▓▓▓▓▓▓▓▓▓▓7777777777▓▓


You could see a trapdoor spider.

Vanquished Creatures
  Boris (D)
  A thorn hunter (D)
  A dire elephant (D)
  An ogre mage (D)
  Josephine (D)
  A hydra (D)
  A tengu warrior (D)
  A centaur warrior (D)
  A naga sharpshooter (D)
  A very ugly thing (D)
  A soul eater (D)
  9 orc high priests (D)
  A deep elf knight (D)
  A harpy (shapeshifter) (D)
  3 mana vipers (D)
  Joseph (D)
  A wolf spider (D)
  3 orc knights (D)
  A moth of wrath (D)
  A cyclops (D)
  A naga mage (D)
  An orange demon (D)
  A gargoyle (D)
  A black mamba (D)
  Psyche (D)
  A yaktaur (D)
  2 demonic crawlers (D)
  3 polar bears (D)
  A blink frog (D)
  A slime creature (D)
  A giant leech (D)
  A boulder beetle (D)
  A basilisk (D)
  A redback (D)
  2 ugly things (D)
  A neqoxec (D)
  A naga (D)
  4 water moccasins (D)
  A swamp drake (D)
  A spider (D)
  5 black bears (D)
  10 orc warriors (D)
  3 crocodiles (D)
  A giant slug (D)
  A big kobold (D)
  2 giant frogs (D)
  A gnoll sergeant (D)
  3 scorpions (D)
  A crimson imp (D)
  A goliath beetle (D)
  3 hounds (D)
  8 orc priests (D)
  2 iguanas (D)
  4 orc wizards (D)
  2 adders (D)
  A green rat (D)
  A shadow imp (D)
  3 giant mites (D)
  6 orcs (D)
  A giant mite zombie (D)
  A hobgoblin (D)
  A kobold (D)
  A quokka (D)
  2 bats (D)
  A giant cockroach simulacrum (D)
  A giant newt (D)
  2 goblin zombies (D)
  A hobgoblin zombie (D)
  4 rats (D)
  A rat skeleton (D)
133 creatures vanquished.

Vanquished Creatures (others)
  A tengu warrior (D)
  A red wasp (D)
  4 fungi (D)
6 creatures vanquished.

Grand Total: 139 creatures vanquished

Notes
Turn   | Place    | Note
--------------------------------------------------------------
     0 | D        | rchandra, the Naga Air Elementalist, began the quest for the Orb.
     0 | D        | Reached XP level 1. HP: 15/15 MP: 3/3
    21 | D        | Reached skill level 2 in Conjurations
    58 | D        | Noticed an orc wizard
    61 | D        | Reached skill level 3 in Spellcasting
    61 | D        | Reached skill level 4 in Air Magic
    61 | D        | Reached XP level 2. HP: 16/22 MP: 0/6
    66 | D        | Learned a level 2 spell: Swiftness
    69 | D        | Learned a level 2 spell: Repel Missiles
   139 | D        | Killed an orc wizard
   139 | D        | Reached skill level 3 in Conjurations
   139 | D        | Reached XP level 3. HP: 28/28 MP: 2/8
   155 | D        | Found an ancient bone altar of Kikubaaqudgha.
   155 | D        | Found a shadowy altar of Dithmenos.
   155 | D        | Found an iron altar of Okawaru.
   155 | D        | Found a snail-covered altar of Cheibriados.
   155 | D        | Found a glowing silver altar of Zin.
   155 | D        | Found a sparkling altar of Nemelex Xobeh.
   155 | D        | Found a basalt altar of Yredelemnul.
   156 | D        | Found a bloodstained altar of Trog.
   157 | D        | Found a radiant altar of Vehumet.
   158 | D        | Found a white marble altar of Elyvilon.
   159 | D        | Found a deep blue altar of Sif Muna.
   160 | D        | Found a shattered altar of Ashenzari.
   161 | D        | Found a shimmering altar of Xom.
   162 | D        | Found an ancient bone altar of Kikubaaqudgha.
   163 | D        | Found a shadowy altar of Dithmenos.
   164 | D        | Found a blossoming altar of Fedhas.
   165 | D        | Found a glowing golden altar of the Shining One.
   166 | D        | Found a burning altar of Makhleb.
   176 | D        | Became a worshipper of the Shining One
   288 | D        | Learned a level 3 spell: Static Discharge
   288 | D        | Noticed a water moccasin
   288 | D        | Noticed a scorpion
   288 | D        | Noticed a crimson imp
   288 | D        | Noticed an iguana
   288 | D        | Acquired the Shining One's first power
   288 | D        | Noticed a gnoll sergeant
   290 | D        | Huge Dmg: 6 dmg
   292 | D        | Huge Dmg: 14 dmg
   318 | D        | Huge Dmg: 8 dmg
   320 | D        | Huge Dmg: 9 dmg
   321 | D        | Huge Dmg: 10 dmg
   321 | D        | Killed a crimson imp
   321 | D        | Reached skill level 4 in Spellcasting
   321 | D        | Reached skill level 4 in Conjurations
   321 | D        | Reached skill level 5 in Air Magic
   321 | D        | Reached skill level 2 in Evocations
   321 | D        | Reached XP level 4. HP: 11/36 MP: 1/11
   321 | D        | HP: 1/36 [gnoll sergeant/trident (10)]
   322 | D        | Huge Dmg: 8 dmg
   327 | D        | Huge Dmg: 6 dmg
   331 | D        | Killed a water moccasin
   331 | D        | Reached skill level 5 in Spellcasting
   331 | D        | Reached skill level 5 in Conjurations
   331 | D        | Reached skill level 6 in Air Magic
   331 | D        | Reached skill level 4 in Evocations
   331 | D        | Reached XP level 5. HP: 7/42 MP: 1/15
   332 | D        | HP: 1/42 [gnoll sergeant/trident (7)]
   333 | D        | Huge Dmg: 6 dmg
   333 | D        | Killed a gnoll sergeant
   333 | D        | Reached skill level 6 in Spellcasting
   333 | D        | Reached skill level 6 in Conjurations
   333 | D        | Reached skill level 7 in Air Magic
   333 | D        | Reached skill level 5 in Evocations
   333 | D        | Reached XP level 6. HP: 1/49 MP: 0/18
   333 | D        | Killed an iguana
   333 | D        | Killed a scorpion
   333 | D        | Reached skill level 6 in Evocations
   642 | D        | Noticed a gargoyle
   642 | D        | Noticed a scorpion
   642 | D        | Acquired the Shining One's second power
   642 | D        | Noticed a hound
   642 | D        | Noticed a big kobold
   642 | D        | Noticed a scorpion
   645 | D        | Killed a scorpion
   645 | D        | Reached skill level 7 in Conjurations
   645 | D        | Reached skill level 2 in Invocations
   647 | D        | Killed a scorpion
   647 | D        | Reached skill level 7 in Spellcasting
   647 | D        | Reached skill level 8 in Air Magic
   648 | D        | Killed a hound
   648 | D        | Reached skill level 3 in Invocations
   648 | D        | Reached XP level 7. HP: 44/55 MP: 13/21
   650 | D        | Killed a big kobold
   652 | D        | Huge Dmg: 21 dmg
   655 | D        | Huge Dmg: 20 dmg
   658 | D        | Killed a gargoyle
   658 | D        | Reached skill level 8 in Spellcasting
   658 | D        | Reached skill level 8 in Conjurations
   658 | D        | Reached skill level 9 in Air Magic
   658 | D        | Reached skill level 5 in Invocations
   671 | D        | Huge Dmg: 2 dmg
   694 | D        | Learned a level 5 spell: Lightning Bolt
   979 | D        | Noticed a giant frog
   979 | D        | Noticed a hound
   979 | D        | Noticed a hound
   979 | D        | Noticed an iguana
   981 | D        | Killed an iguana
   981 | D        | Killed a hound
   981 | D        | Reached XP level 8. HP: 60/62 MP: 17/24
   981 | D        | Killed a hound
   981 | D        | Killed a giant frog
   981 | D        | Reached skill level 9 in Conjurations
   981 | D        | Reached skill level 6 in Invocations
   982 | D        | Noticed a water moccasin
  1023 | D        | Killed a water moccasin
  1147 | D        | Noticed a crocodile
  1147 | D        | Noticed a water moccasin
  1147 | D        | Noticed a crocodile
  1147 | D        | Noticed a giant slug
  1147 | D        | Noticed a giant frog
  1147 | D        | Acquired the Shining One's third power
  1147 | D        | Noticed a basilisk
  1148 | D        | Killed a crocodile
  1149 | D        | Noticed a five-headed hydra
  1149 | D        | Killed a giant frog
  1149 | D        | Reached skill level 1 in Shields
  1149 | D        | Killed a water moccasin
  1149 | D        | Reached skill level 10 in Air Magic
  1149 | D        | Reached skill level 7 in Invocations
  1149 | D        | Killed a crocodile
  1149 | D        | Reached skill level 9 in Spellcasting
  1150 | D        | Noticed a blink frog
  1150 | D        | Killed a basilisk
  1150 | D        | Reached skill level 2 in Shields
  1234 | D        | Killed a giant slug
  1234 | D        | Killed a blink frog
  1234 | D        | Reached skill level 3 in Shields
  1234 | D        | Reached skill level 10 in Conjurations
  1234 | D        | Reached skill level 8 in Invocations
  1234 | D        | Reached XP level 9. HP: 68/68 MP: 16/27
  1235 | D        | Killed a five-headed hydra
  1235 | D        | Reached skill level 4 in Shields
  1235 | D        | Reached skill level 11 in Air Magic
  1330 | D        | Noticed a black bear
  1330 | D        | Noticed a black bear
  1330 | D        | Noticed a polar bear
  1330 | D        | Noticed a polar bear
  1330 | D        | Noticed a polar bear
  1330 | D        | Acquired the Shining One's fourth power
  1330 | D        | Noticed a black bear
  1330 | D        | Noticed a black bear
  1331 | D        | Killed a black bear
  1331 | D        | Reached skill level 10 in Spellcasting
  1331 | D        | Reached skill level 9 in Invocations
  1332 | D        | Killed a black bear
  1332 | D        | Killed a polar bear
  1332 | D        | Killed a polar bear
  1332 | D        | Reached skill level 5 in Shields
  1332 | D        | Reached skill level 11 in Conjurations
  1332 | D        | Killed a polar bear
  1332 | D        | Reached XP level 10. HP: 75/75 MP: 17/29
  1334 | D        | Killed a black bear
  1336 | D        | Noticed a black bear
  1337 | D        | Killed a black bear
  1337 | D        | Killed a black bear
  1495 | D        | Noticed Josephine
  1502 | D        | Killed Josephine
  1502 | D        | Reached skill level 6 in Shields
  1502 | D        | Reached skill level 10 in Invocations
  1646 | D        | Noticed an orc warrior
  1646 | D        | Noticed an orc wizard
  1646 | D        | Noticed an orc priest
  1648 | D        | Killed an orc priest
  1648 | D        | Killed an orc wizard
  1648 | D        | Killed an orc warrior
  1648 | D        | Reached skill level 12 in Air Magic
  1649 | D        | Noticed an orc priest
  1650 | D        | Noticed an orc wizard
  1651 | D        | Noticed an orc warrior
  1651 | D        | Killed an orc priest
  1651 | D        | Reached skill level 1 in Fighting
  1656 | D        | Noticed an orc wizard
  1657 | D        | Killed an orc wizard
  1658 | D        | Huge Dmg: 17 dmg
  1658 | D        | Killed an orc warrior
  1658 | D        | Killed an orc wizard
  1661 | D        | Noticed an orc priest
  1666 | D        | Huge Dmg: 13 dmg
  1666 | D        | Killed an orc priest
  2048 | D        | Noticed an orc warrior
  2048 | D        | Noticed an orc warrior
  2048 | D        | Noticed an orc priest
  2048 | D        | Noticed an orc warrior
  2048 | D        | Noticed an orc warrior
  2048 | D        | Noticed an orc knight
  2048 | D        | Noticed an orc knight
  2049 | D        | Killed an orc priest
  2049 | D        | Reached skill level 2 in Fighting
  2049 | D        | Killed an orc warrior
  2050 | D        | Noticed an orc knight
  2050 | D        | Huge Dmg: 22 dmg
  2050 | D        | Killed an orc knight
  2050 | D        | Reached skill level 11 in Spellcasting
  2050 | D        | Killed an orc warrior
  2052 | D        | Killed an orc knight
  2052 | D        | Reached skill level 3 in Fighting
  2052 | D        | Reached skill level 12 in Conjurations
  2052 | D        | Reached skill level 11 in Invocations
  2053 | D        | Killed an orc warrior
  2053 | D        | Killed an orc warrior
  2054 | D        | Noticed an orc warrior
  2058 | D        | Noticed an orc warrior
  2059 | D        | Huge Dmg: 22 dmg
  2060 | D        | Huge Dmg: 18 dmg
  2060 | D        | Killed an orc knight
  2060 | D        | Reached skill level 4 in Fighting
  2060 | D        | Killed an orc warrior
  2061 | D        | Noticed an orc warrior
  2063 | D        | Noticed an orc warrior
  2078 | D        | Killed an orc warrior
  2078 | D        | Killed an orc warrior
  2078 | D        | Reached XP level 11. HP: 13/93 MP: 0/31
  2104 | D        | Huge Dmg: 6 dmg
  2124 | D        | Killed an orc warrior
  2423 | D        | Found Voyk Shry's Antique Weapon Boutique.
  2423 | D        | Noticed an orc high priest
  2423 | D        | Noticed an orc high priest
  2423 | D        | Noticed an orc high priest
  2423 | D        | Noticed an orc high priest
  2423 | D        | Noticed an orc high priest
  2423 | D        | Noticed an orc high priest
  2424 | D        | Noticed a soul eater
  2425 | D        | Noticed a sun demon
  2425 | D        | Killed an orc high priest
  2425 | D        | Reached skill level 5 in Fighting
  2425 | D        | Killed an orc high priest
  2425 | D        | Reached skill level 12 in Invocations
  2426 | D        | Noticed an orc priest
  2426 | D        | Killed a soul eater
  2427 | D        | Killed an orc high priest
  2427 | D        | Reached skill level 13 in Air Magic
  2427 | D        | Killed an orc priest
  2427 | D        | Reached skill level 6 in Fighting
  2428 | D        | Killed an orc high priest
  2428 | D        | Reached skill level 12 in Spellcasting
  2428 | D        | Killed an orc high priest
  2428 | D        | Reached skill level 13 in Conjurations
  2429 | D        | Killed an orc high priest
  2429 | D        | Reached skill level 7 in Fighting
  2430 | D        | Noticed an orc priest
  2441 | D        | Noticed an orc high priest
  2441 | D        | Noticed an orc high priest
  2441 | D        | Noticed an orc priest
  2443 | D        | Killed an orc priest
  2443 | D        | Killed an orc priest
  2443 | D        | Killed an orc high priest
  2446 | D        | Killed an orc high priest
  2446 | D        | Reached skill level 13 in Invocations
  2447 | D        | Noticed an orc high priest
  2492 | D        | Killed an orc high priest
  2499 | D        | Noticed an orc priest
  2502 | D        | Killed an orc priest
  2512 | D        | Found Kalaicsu's Book Shop.
  2514 | D        | Found Maraj's Magic Scroll Boutique.
  2525 | D        | Found Vaaraups' Jewellery Shop.
  2615 | D        | Bought the +2,+10 longbow "Piercer" {penet, EV-2} for 1525 gold pieces
  2626 | D        | Bought a scroll of enchant armour for 105 gold pieces
  2626 | D        | Bought a scroll of enchant weapon II for 77 gold pieces
  2626 | D        | Bought a scroll of enchant armour for 105 gold pieces
  2626 | D        | Bought a scroll of enchant armour for 105 gold pieces
  2646 | D        | Noticed Psyche
  2654 | D        | Killed Psyche
  2654 | D        | Reached skill level 1 in Bows
  2691 | D        | Noticed Joseph
  2695 | D        | Killed Joseph
  2695 | D        | Reached skill level 2 in Bows
  2695 | D        | Reached skill level 14 in Air Magic
  3255 | D        | Identified a +2,+2 Blessed Blade (a +1,+1 bastard sword blessed by the Shining One)
  3273 | D        | Fell from the grace of the Shining One
  3273 | D        | Became a worshipper of Warmaster Okawaru
  3294 | D        | Got the +2,+2 morningstar "Yrreg" {vamp, Dex+4 Int+3}
  3294 | D        | Got the +2,+3 war axe of Wyrd {drain, rPois rF+ Int+2}
  3717 | D        | Noticed a white ugly thing
  3717 | D        | Noticed a cyclops
  3717 | D        | Noticed a white ugly thing
  3717 | D        | Noticed a goliath beetle
  3717 | D        | Noticed a tengu warrior
  3717 | D        | Noticed a tengu warrior
  3718 | D        | Killed a cyclops
  3718 | D        | Reached XP level 12. HP: 110/110 MP: 26/32
  3719 | D        | Killed a goliath beetle
  3720 | D        | Noticed an ogre mage
  3721 | D        | Killed a white ugly thing
  3721 | D        | Reached skill level 3 in Bows
  3721 | D        | Reached skill level 14 in Conjurations
  3722 | D        | Noticed a deep elf knight
  3722 | D        | Killed a white ugly thing
  3724 | D        | Killed an ogre mage
  3724 | D        | Reached skill level 4 in Bows
  3726 | D        | Noticed a harpy
  3727 | D        | Huge Dmg: 22 dmg
  3728 | D        | Noticed a centaur warrior
  3730 | D        | Killed a deep elf knight
  3730 | D        | Acquired Okawaru's first power
  3732 | D        | Noticed a dire elephant
  3733 | D        | Huge Dmg: 17 dmg
  3734 | D        | Noticed a slime creature
  3734 | D        | Killed a tengu warrior
  3734 | D        | Reached skill level 5 in Bows
  3740 | D        | Killed a centaur warrior
  3741 | D        | Noticed a yaktaur
  3741 | D        | Huge Dmg: 5 dmg
  3742 | D        | Killed a tengu warrior
  3742 | D        | Reached skill level 15 in Air Magic
  3742 | D        | Killed a harpy
  3742 | D        | Reached skill level 6 in Bows
  3744 | D        | Killed a dire elephant
  3744 | D        | Reached skill level 15 in Conjurations
  3744 | D        | Killed a yaktaur
  3745 | D        | Killed a slime creature
  3765 | D        | Noticed a white very ugly thing
  3950 | D        | Killed a white very ugly thing
  3950 | D        | Reached skill level 7 in Bows
  4067 | D        | Noticed Boris
  4087 | D        | Huge Dmg: 71 dmg
  4091 | D        | Huge Dmg: 15 dmg
  4092 | D        | Huge Dmg: 9 dmg
  4094 | D        | Huge Dmg: 9 dmg
  4095 | D        | Killed Boris
  4095 | D        | Reached skill level 10 in Bows
  4095 | D        | Reached skill level 5 in Dodging
  4095 | D        | Reached XP level 13. HP: 14/117 MP: 33/33
  4100 | D        | Huge Dmg: 5 dmg
  4468 | D        | Noticed a mana viper
  4468 | D        | Noticed a black mamba
  4468 | D        | Noticed a naga sharpshooter
  4468 | D        | Noticed a naga mage
  4468 | D        | Noticed a mana viper
  4468 | D        | Noticed a naga
  4470 | D        | Killed a naga
  4471 | D        | Noticed a mana viper
  4471 | D        | Killed a naga mage
  4473 | D        | Killed a mana viper
  4473 | D        | Reached skill level 11 in Bows
  4474 | D        | Noticed a water moccasin
  4474 | D        | Killed a naga sharpshooter
  4474 | D        | Killed a mana viper
  4474 | D        | Reached skill level 6 in Dodging
  4474 | D        | Killed a black mamba
  4478 | D        | Killed a water moccasin
  4479 | D        | Killed a mana viper
  4601 | D        | Noticed a crocodile
  4601 | D        | Noticed a red wasp
  4601 | D        | Noticed a giant leech
  4601 | D        | Noticed a swamp drake
  4604 | D        | Noticed a thorn hunter
  4606 | D        | Killed a swamp drake
  4606 | D        | Killed a thorn hunter
  4606 | D        | Reached skill level 12 in Bows
  4606 | D        | Reached skill level 7 in Dodging
  4608 | D        | Killed a crocodile
  4609 | D        | Huge Dmg: 23 dmg
  4611 | D        | Killed a red wasp
  4615 | D        | Huge Dmg: 17 dmg
  4617 | D        | Huge Dmg: 22 dmg
  4618 | D        | Huge Dmg: 20 dmg
  4622 | D        | Killed a giant leech
  4976 | D        | Noticed a spider
  4976 | D        | Noticed a wolf spider
  4976 | D        | Noticed a redback
  4976 | D        | Noticed a demonic crawler
  4976 | D        | Noticed a demonic crawler
  4978 | D        | Killed a redback
  4979 | D        | Noticed a moth of wrath
  4979 | D        | Killed a spider
  4981 | D        | Noticed a boulder beetle
  4981 | D        | Killed a wolf spider
  4981 | D        | Killed a moth of wrath
  4985 | D        | Huge Dmg: 23 dmg
  4988 | D        | Killed a demonic crawler
  4988 | D        | Reached skill level 13 in Bows
  4990 | D        | Killed a demonic crawler
  4990 | D        | Received a gift from Okawaru
  4995 | D        | Huge Dmg: 46 dmg
  4995 | D        | Killed a boulder beetle
  5014 | D        | HP: 3/117 [trapdoor spider (13)]
  5015 | D        | Noticed a trapdoor spider
  5015 | D        | Huge Dmg: 12 dmg
  5015 | D        | Slain by a trapdoor spider

Action                   |  1- 3 |  4- 6 |  7- 9 | 10-12 | 13-15 || total
-------------------------+-------+-------+-------+-------+-------++-------
Melee: Unarmed           |     3 |       |       |       |       ||     3
       Scimitar          |       |       |     5 |    19 |     8 ||    32
       Blessed bastard s |       |       |       |     8 |       ||     8
 Fire: Longbow           |       |       |       |    10 |    15 ||    25
 Cast: Shock             |    15 |     9 |     4 |    24 |     2 ||    54
       Repel Missiles    |     1 |       |       |       |       ||     1
       Static Discharge  |     1 |       |       |       |       ||     1
       Lightning Bolt    |       |       |    12 |    56 |    18 ||    86
       Swiftness         |       |       |       |     1 |       ||     1
Invok: Divine Shield     |       |       |     1 |     2 |       ||     3
       Heroism           |       |       |       |     1 |       ||     1
 Abil: Spit Poison       |     1 |       |       |       |       ||     1
Evoke: Staff of energy   |       |       |       |     9 |     1 ||    10
       Wand              |       |       |       |     1 |       ||     1
  Use: Potion            |     1 |     1 |     1 |     2 |       ||     5
       Scroll            |       |       |       |     2 |       ||     2

Vault maps used:
D:        linesprint
